[Event "Titled Tuesday Blitz January 10 Early 2023"]
[White "Postny, Evgeny"]
[Black "Ashraf, Artin"]
[WhiteFideId "2804344"]
[BlackFideId "22514805"]
[WhiteElo "2549"]
[BlackElo "2314"]
[Result "0-1"]
[Round "09"]
[TimeControl "180+2"]
[Date "2023.01.10"]
[WhiteClock "0:00:01"]
[BlackClock "0:00:05"]

1. e4 c5 2. Nf3 d6 3. d4 cxd4 4. Nxd4 Nf6 5. Nc3 a6 6. f3 e5 7. Nb3 Be6 8. Be3 h5 9. Qd2 Nbd7 10. O-O-O Rc8 11. Be2 Be7 12. g3 b5 13. h3 Nb6 14. Bxb6 Qxb6 15. Kb1 b4 16. Nd5 Bxd5 17. exd5 a5 18. Qd3 O-O 19. Qb5 Qc7 20. Bd3 Ra8 21. Qc6 Qxc6 22. dxc6 Rfc8 23. g4 d5 24. g5 Ne8 25. Bf5 Rxc6 26. Rxd5 a4 27. Nd2 Bxg5 28. Ne4 Bf4 29. Rhd1 g6 30. Bd7 Rb6 31. b3 axb3 32. axb3 Nf6 33. Nxf6+ Rxf6 34. Ba4 Rb6 35. Rd7 Be3 36. R1d5 Bd4 37. Kc1 Rf6 38. R5d6 Rxf3 39. Bc6 Ra1+ 40. Kd2 Rf2+ 41. Kd3 Rd1+ 42. Kc4 Rxc2+ 43. Kb5 Rc5+ 44. Kxb4 Rxc6 45. Rxc6 Bc3+ 46. Kxc3 Rxd7 47. b4 Kg7 48. b5 e4 49. Rc4 Rd3+ 50. Kc2 Rd5 51. Rb4 e3 52. b6 e2 53. Rb1 Rb5 54. Rxb5 e1=Q 55. Kb3 Qe7 56. Kc4 Qb7 57. Kc5 Kf6 58. Ra5 Ke6 59. Ra7 Qd5+ 60. Kb4 Kd6 61. b7 Qc5+ 0-1


[Site "https://www.chess.com"]

[Event "Titled Tuesday Blitz January 10 Early 2023"]
[White "Bilych, Olexiy"]
[Black "Jakubowski, Krzysztof"]
[WhiteFideId "14156504"]
[BlackFideId "1112848"]
[WhiteElo "2441"]
[BlackElo "2486"]
[Result "1-0"]
[Round "09"]
[TimeControl "180+2"]
[Date "2023.01.10"]
[WhiteClock "0:00:10"]
[BlackClock "0:00:01"]

1. c4 Nf6 2. Nc3 c5 3. Nf3 d5 4. cxd5 Nxd5 5. g3 Nc6 6. Bg2 Nc7 7. O-O e5 8. b3 Be7 9. Bb2 O-O 10. Rc1 Rb8 11. Na4 b6 12. Nxe5 Nxe5 13. Bxe5 Bd6 14. Bxd6 Qxd6 15. Nb2 Bb7 16. Bxb7 Rxb7 17. Nc4 Qe6 18. d3 Nd5 19. Qd2 Rd7 20. Ne3 Nf6 21. Rc4 Re8 22. b4 Ne4 23. Qc2 Nxf2 24. Rxf2 Qxe3 25. bxc5 bxc5 26. Rxc5 h5 27. Rxh5 Rd6 28. Rf5 f6 29. Kg2 Rde6 30. R5f3 Qb6 31. e4 Rc6 32. Qd2 Rd8 33. Qf4 Qd4 34. Qg4 Rcd6 35. h4 Qe5 36. h5 Rxd3 37. h6 Qg5 38. Qe6+ Kh7 39. hxg7 Rxf3 40. g8=Q+ Rxg8 41. Qh3+ Kg7 42. Kxf3 Rd8 43. Kg2 Rd2 44. Qf5 Qxf5 45. exf5 Rd5 46. g4 Ra5 47. Kg3 Ra3+ 48. Kh4 Kf7 49. Rc2 a5 50. Rc7+ Kf8 51. Rc6 Kg7 52. Rc7+ Kf8 53. Kh5 Rg3 54. Ra7 1-0


[Site "https://www.chess.com"]

[Event "Titled Tuesday Blitz January 10 Early 2023"]
[White "Mohamed Anees M"]
[Black "Aradhya, Garg"]
[WhiteFideId "35065815"]
[BlackFideId "25006746"]
[WhiteElo "2315"]
[BlackElo "2284"]
[Result "1-0"]
[Round "09"]
[TimeControl "180+2"]
[Date "2023.01.10"]
[WhiteClock "0:01:01"]
[BlackClock "0:00:13"]

1. e4 e5 2. Nf3 Nc6 3. d4 exd4 4. Nxd4 Qf6 5. Nxc6 Bc5 6. Qe2 dxc6 7. Nc3 Ne7 8. Be3 Bb4 9. Bd2 Bc5 10. Be3 Bb4 11. Qc4 a5 12. Bd4 Qf4 13. Qd3 O-O 14. a3 Bxc3+ 15. Bxc3 Nd5 16. exd5 Re8+ 17. Be2 Bg4 18. f3 c5 19. fxg4 Qxg4 20. Qf3 Qg6 21. O-O Re7 22. Bd3 Qd6 23. Rae1 c4 24. Rxe7 Qxe7 25. Qe4 Qxe4 26. Bxe4 Re8 27. Bf3 b6 28. Re1 Rd8 29. Re7 Rc8 30. Be5 Kf8 31. Rxc7 Re8 32. Bd6+ Kg8 33. Bg3 f5 34. d6 g5 35. Bd5+ Kf8 36. d7 Rd8 37. Bd6+ Kg7 38. Be7 Rxd7 39. Rxd7 Kg6 40. Rd6+ Kh5 41. Bf7+ Kg4 42. Kf2 f4 43. h3+ Kf5 44. Kf3 g4+ 45. hxg4+ Ke5 46. Rd5# 1-0


[Site "https://www.chess.com"]

[Event "Titled Tuesday Blitz January 10 Early 2023"]
[White "Royal, Shreyas"]
[Black "Samunenkov, Ihor"]
[WhiteFideId "448869"]
[BlackFideId "14187086"]
[WhiteElo "2438"]
[BlackElo "2501"]
[Result "0-1"]
[Round "09"]
[TimeControl "180+2"]
[Date "2023.01.10"]
[WhiteClock "0:00:26"]
[BlackClock "0:00:21"]

1. d4 d5 2. c4 e6 3. Nc3 a6 4. Nf3 dxc4 5. a4 Nc6 6. e4 Na5 7. Be3 Nf6 8. Qc2 Be7 9. Be2 O-O 10. O-O c6 11. Rad1 b5 12. d5 exd5 13. exd5 Nxd5 14. axb5 axb5 15. Bd4 Nb3 16. Be5 Be6 17. Qe4 Bf6 18. h4 h6 19. Bxf6 Qxf6 20. Ne5 Nxc3 21. bxc3 Bd5 22. Rxd5 cxd5 23. Qxd5 Rfd8 24. Qxb5 Ra5 25. Nd7 Rxb5 26. Nxf6+ gxf6 27. Bxc4 Rb6 28. Re1 Nc5 29. Re7 Ne6 30. f4 Rc6 31. Ba2 Rc7 0-1


[Site "https://www.chess.com"]

[Event "Titled Tuesday Blitz January 10 Early 2023"]
[White "Fiorito, Joaquin"]
[Black "Halkias, Stelios"]
[WhiteFideId "180173"]
[BlackFideId "4201809"]
[WhiteElo "2405"]
[BlackElo "2511"]
[Result "0-1"]
[Round "09"]
[TimeControl "180+2"]
[Date "2023.01.10"]
[WhiteClock "0:00:09"]
[BlackClock "0:00:56"]

1. d4 d5 2. Nc3 Nf6 3. Bf4 c5 4. e4 Nxe4 5. Bb5+ Nc6 6. Nxe4 dxe4 7. Ne2 cxd4 8. Nxd4 Bd7 9. Bxc6 Bxc6 10. O-O Qd5 11. Nxc6 Qxc6 12. Qe2 e6 13. Rfe1 f5 14. Be5 Kf7 15. Rad1 h5 16. Qe3 h4 17. h3 Be7 18. Rd4 Rad8 19. Rxd8 Rxd8 20. Qxa7 Bc5 21. Qa5 Rd5 22. Qc7+ Qxc7 23. Bxc7 Rd2 24. Rc1 Bxf2+ 25. Kh1 Bg3 26. Bb6 f4 27. a3 e3 28. Kg1 e2 0-1


[Site "https://www.chess.com"]

[Event "Titled Tuesday Blitz January 10 Early 2023"]
[White "Aaditya Dhingra"]
[Black "Goltsev, Dmitry"]
[WhiteFideId "25678191"]
[BlackFideId "24176710"]
[WhiteElo "2027"]
[BlackElo "2269"]
[Result "0-1"]
[Round "09"]
[TimeControl "180+2"]
[Date "2023.01.10"]
[WhiteClock "0:00:11"]
[BlackClock "0:00:03"]

1. e4 e6 2. d3 d5 3. Nd2 c5 4. Ngf3 Nc6 5. g3 Nf6 6. Bg2 Bd6 7. O-O Qc7 8. Re1 O-O 9. Nf1 dxe4 10. dxe4 Rd8 11. Qe2 e5 12. c3 b6 13. Bg5 Be7 14. Bxf6 Bxf6 15. Ne3 Ne7 16. h3 g6 17. Nh2 Bg7 18. h4 Be6 19. h5 Qd7 20. Red1 Qa4 21. b3 Qa5 22. Nd5 Nxd5 23. exd5 Bd7 24. Rac1 f5 25. hxg6 hxg6 26. Nf3 e4 27. Ng5 Bxc3 28. Qc4 Bd2 29. d6+ Kh8 30. Nf7+ Kg7 31. Nxd8 Rxd8 32. Rc2 e3 33. Rcxd2 exd2 34. Qf4 Re8 35. Rxd2 Re1+ 36. Kh2 Qc3 37. Qg5 Qf6 38. f4 Qc3 39. Rf2 Qd4 40. Rf1 Re2 41. Kh3 Qd2 42. Rg1 Qxd6 43. Bf3 Rf2 44. Rd1 Qe6 45. Bg2 Qe8 46. Kh2 Bc6 47. Rd8 Rxg2+ 48. Kh3 Rg1 49. Rxe8 Rh1# 0-1


[Site "https://www.chess.com"]

[Event "Titled Tuesday Blitz January 10 Early 2023"]
[White "Czernek, Tymon"]
[Black "Santos Ruiz, Miguel"]
[WhiteFideId "1199510"]
[BlackFideId "22291482"]
[WhiteElo "2314"]
[BlackElo "2590"]
[Result "1-0"]
[Round "09"]
[TimeControl "180+2"]
[Date "2023.01.10"]
[WhiteClock "0:00:17"]
[BlackClock "0:00:29"]

1. e4 c5 2. Nf3 Qc7 3. Nc3 e6 4. d4 cxd4 5. Qxd4 Nc6 6. Qe3 a6 7. Bd2 b5 8. Bd3 Bb7 9. O-O Nf6 10. h3 d6 11. a4 b4 12. Na2 d5 13. e5 Nd7 14. Rfe1 Be7 15. c3 b3 16. Nc1 Nc5 17. Bb1 Na5 18. Qe2 Bc6 19. Nd4 Bd7 20. Qg4 g6 21. Bg5 h5 22. Qh4 Bxg5 23. Qxg5 Qd8 24. Qg3 h4 25. Qg4 Rh5 26. f4 Nxa4 27. Bxg6 Rh6 28. Bb1 Qe7 29. f5 Nc4 30. fxe6 fxe6 31. Qg8+ Qf8 32. Qg5 Naxb2 33. Rf1 Qh8 34. Bg6+ Rxg6 35. Qxg6+ Kd8 36. Nxe6+ Bxe6 37. Qxe6 Qxe5 38. Qxe5 Nxe5 39. Rf8+ Kc7 40. Rxa8 Kb7 41. R8xa6 Nbc4 42. Nxb3 Nd3 43. Nd4 Ne3 44. Ra7+ Kb6 45. R1a6+ Kc5 46. Rc7# 1-0


[Site "https://www.chess.com"]

[Event "Titled Tuesday Blitz January 10 Early 2023"]
[White "Zahid, Sanatan"]
[Black "Ginzburg, Yakov"]
[WhiteFideId "10201963"]
[BlackFideId "4157176"]
[WhiteElo "1930"]
[BlackElo "2405"]
[Result "1-0"]
[Round "09"]
[TimeControl "180+2"]
[Date "2023.01.10"]
[WhiteClock "0:01:39"]
[BlackClock "0:00:02"]

1. e4 c5 2. Nc3 e6 3. f4 d5 4. Nf3 Nf6 5. Qe2 dxe4 6. Nxe4 Nxe4 7. Qxe4 Qd5 8. Qe2 Nc6 9. b3 Be7 10. Bb2 O-O 11. O-O-O a5 12. Qe3 b5 13. Bd3 a4 14. Be4 Qd6 15. Ng5 f5 16. Bxc6 Qxc6 17. Qg3 Bf6 18. Bxf6 Rxf6 19. Qc3 axb3 20. axb3 b4 21. Qb2 Qxg2 22. Rhg1 Qd5 23. Ne4 Rg6 24. Rxg6 hxg6 25. Ng5 Bd7 26. Kb1 Qd6 27. Nh3 Bc6 28. d3 Bf3 29. Re1 Bg4 30. Ng5 Qxf4 31. Nxe6 Qh6 32. Qe5 Kh7 33. Qc7 Re8 34. Ng5+ Qxg5 35. Rxe8 f4 36. Qb8 Bc8 37. Qxc8 Qg1+ 38. Ka2 c4 39. Rh8# 1-0


[Site "https://www.chess.com"]

[Event "Titled Tuesday Blitz January 10 Early 2023"]
[White "Srebrnic, Marko"]
[Black "Orozbaev, Eldiar"]
[WhiteFideId "14603616"]
[BlackFideId "13802240"]
[WhiteElo "2366"]
[BlackElo "2235"]
[Result "0-1"]
[Round "09"]
[TimeControl "180+2"]
[Date "2023.01.10"]
[WhiteClock "0:02:03"]
[BlackClock "0:02:05"]

1. e4 e6 2. d4 d5 3. Nc3 Nf6 4. Bg5 dxe4 5. Nxe4 Be7 6. Bxf6 gxf6 7. Nf3 f5 8. Ng3 h5 9. h4 c5 10. Bb5+ Bd7 11. Qe2 Qa5+ 12. c3 Qxb5 13. Qe5 f6 14. Qf4 Nc6 15. O-O-O cxd4 16. cxd4 Nb4 17. Kb1 Qc4 18. a3 Qa2+ 19. Kc1 Rc8+ 20. Kd2 Qxb2+ 21. Ke1 Nd5 0-1


[Site "https://www.chess.com"]

[Event "Titled Tuesday Blitz January 10 Early 2023"]
[White "Garakov, Mikhael"]
[Black "Starozhilov, Leonid"]
[WhiteFideId "4169034"]
[BlackFideId "14106752"]
[WhiteElo "2447"]
[BlackElo "2313"]
[Result "1-0"]
[Round "09"]
[TimeControl "180+2"]
[Date "2023.01.10"]
[WhiteClock "0:00:16"]
[BlackClock "0:00:06"]

1. e4 Nc6 2. Nf3 d6 3. d4 Nf6 4. Bd3 g6 5. O-O Bg7 6. h3 O-O 7. Re1 e5 8. d5 Ne7 9. c4 c5 10. Nc3 Nh5 11. Rb1 a5 12. a3 b6 13. b4 axb4 14. axb4 h6 15. Bd2 Bd7 16. Qc1 Kh7 17. bxc5 bxc5 18. Nb5 Bc8 19. Qc2 g5 20. Nh2 Ng6 21. Ra1 Rxa1 22. Rxa1 Nhf4 23. Bf1 f5 24. g3 fxe4 25. gxf4 exf4 26. Ra7 Bf5 27. Bc3 Ne5 28. Ng4 Re8 29. Qb2 Bxg4 30. hxg4 Qc8 31. Bxe5 Qxg4+ 32. Kh2 Rxe5 33. Nxd6 Qh4+ 34. Bh3 Re7 35. Rxe7 1-0


[Site "https://www.chess.com"]

[Event "Titled Tuesday Blitz January 10 Early 2023"]
[White "surrenderPLS"]
[Black "Domingo Nunez, Ruben"]
[BlackFideId "22245570"]
[WhiteElo "2533"]
[BlackElo "2416"]
[Result "0-1"]
[Round "09"]
[TimeControl "180+2"]
[Date "2023.01.10"]
[WhiteClock "0:01:37"]
[BlackClock "0:02:29"]

1. e4 g6 2. d4 Bg7 3. Nf3 c6 4. Nc3 d5 5. e5 f6 6. Bf4 Bg4 7. exf6 Nxf6 8. Be2 O-O 9. Ne5 Bxe2 10. Qxe2 Nbd7 11. O-O Nh5 12. Nxd7 Nxf4 13. Qg4 h5 14. Qg5 Qxd7 15. Rae1 Rf7 16. Re3 Bxd4 17. Rf3 Raf8 18. Re1 Qg4 0-1


[Site "https://www.chess.com"]

[Event "Titled Tuesday Blitz January 10 Early 2023"]
[White "Arabidze, Meri"]
[Black "Kazancev, Valerij M"]
[WhiteFideId "13604040"]
[BlackFideId "4179609"]
[WhiteElo "2441"]
[BlackElo "2313"]
[Result "1/2-1/2"]
[Round "09"]
[TimeControl "180+2"]
[Date "2023.01.10"]
[WhiteClock "0:00:03"]
[BlackClock "0:00:13"]

1. d4 g6 2. g3 Bg7 3. Bg2 h5 4. Nf3 c5 5. d5 d6 6. Nc3 a6 7. a4 Nh6 8. Bg5 Nd7 9. e4 Rb8 10. Qe2 b5 11. axb5 axb5 12. Nxb5 Bxb2 13. Ra2 Bf6 14. O-O Bxg5 15. Nxg5 O-O 16. f4 c4 17. Nd4 Qb6 18. c3 Nc5 19. f5 e5 20. fxe6 fxe6 21. Rxf8+ Kxf8 22. Qf2+ Kg7 23. Ra1 Nd3 24. Ndxe6+ Bxe6 25. Nxe6+ Kg8 26. Qxb6 Rxb6 27. Rf1 Rb3 28. Rf8+ Kh7 29. Rd8 Ng4 30. Bf1 Rb1 31. Ng5+ Kg7 32. Rd7+ Kf8 33. Rf7+ Ke8 34. h4 Rc1 35. Rf3 Nge5 36. Rf6 Rxc3 37. Re6+ Kd7 38. Bh3 Rc1+ 39. Kg2 Ng4 40. Bxg4 hxg4 41. Rxg6 Rc2+ 42. Kg1 Rc1+ 43. Kg2 c3 44. e5 c2 45. Rxd6+ Kc7 46. Rc6+ Kb7 47. e6 Nb4 48. Rc5 Re1 49. Ne4 Rxe4 50. h5 Nd3 51. Rc6 c1=Q 52. Rxc1 Nxc1 53. h6 Re5 54. h7 Nd3 55. h8=Q Re2+ 56. Kf1 Re1+ 57. Kg2 Re2+ 58. Kf1 Re1+ 59. Kg2 Re2+ 1/2-1/2


[Site "https://www.chess.com"]

[Event "Titled Tuesday Blitz January 10 Early 2023"]
[White "Fernandez Garcia, Gumersindo"]
[Black "Krysa, Leandro"]
[WhiteFideId "24516740"]
[BlackFideId "116807"]
[WhiteElo "2160"]
[BlackElo "2541"]
[Result "1/2-1/2"]
[Round "09"]
[TimeControl "180+2"]
[Date "2023.01.10"]
[WhiteClock "0:00:31"]
[BlackClock "0:00:08"]

1. d4 d5 2. c4 c6 3. Nc3 Nf6 4. Nf3 dxc4 5. e4 b5 6. Be2 Bg4 7. h3 Bxf3 8. Bxf3 e6 9. O-O a6 10. a4 b4 11. e5 Nd5 12. Ne4 Nd7 13. Qc2 a5 14. Qxc4 Rc8 15. Bg5 Qb6 16. Rac1 h6 17. Bh4 g5 18. Bg3 Be7 19. Nd6+ Bxd6 20. exd6 Kf8 21. h4 Kg7 22. Rfe1 Rhe8 23. Qd3 Nf8 24. hxg5 hxg5 25. Be5+ f6 26. Bg3 Red8 27. Bg4 f5 28. Be5+ Kg6 29. Bf3 Nd7 30. g4 Rf8 31. gxf5+ exf5 32. Bxd5 cxd5 33. Kg2 Rxc1 34. Rxc1 Re8 35. Qb5 Qxb5 36. axb5 Kf7 37. Rc7 Ke6 38. f4 gxf4 39. Bxf4 Rb8 40. Kf3 Rxb5 41. Rc8 Nf6 42. Rf8 Rb7 43. Be5 Ne4 44. Re8+ Kd7 45. Re7+ Kc6 46. Rxb7 Kxb7 47. d7 Ng5+ 48. Kf4 Ne6+ 49. Kxf5 Nd8 50. Bf6 Kc7 51. Ke5 Kxd7 52. Bxd8 Kxd8 53. Kxd5 a4 54. Kc4 a3 55. bxa3 bxa3 56. Kb3 Kc7 57. Kxa3 Kc6 58. Kb3 Kd5 59. Kc3 Kd6 60. Kc4 Kc6 61. d5+ Kd6 62. Kd4 Kd7 63. Kc5 Kc7 64. d6+ Kd7 65. Kd5 Kd8 66. Ke5 Kd7 67. Kd5 Kd8 68. Kd4 Kd7 69. Kc5 Kd8 70. Kc6 Kc8 71. Kd5 Kd7 72. Ke5 Kd8 73. Ke6 Ke8 74. Kd5 Kd7 75. Kc5 Kd8 76. Kc6 Kc8 77. d7+ Kd8 78. Kd6 1/2-1/2


[Site "https://www.chess.com"]

[Event "Titled Tuesday Blitz January 10 Early 2023"]
[White "Sai Han Thiha"]
[Black "Skvortsov, Andrei"]
[WhiteFideId "13012290"]
[BlackFideId "24108600"]
[WhiteElo "2070"]
[BlackElo "2313"]
[Result "0-1"]
[Round "09"]
[TimeControl "180+2"]
[Date "2023.01.10"]
[WhiteClock "0:00:04"]
[BlackClock "0:00:18"]

1. d4 e6 2. c4 Nf6 3. Nf3 Bb4+ 4. Bd2 Bxd2+ 5. Qxd2 d5 6. Nc3 O-O 7. e3 b6 8. cxd5 Nxd5 9. Nxd5 exd5 10. Rc1 c6 11. Bd3 Re8 12. O-O Bb7 13. Ne5 Re6 14. b4 Qe7 15. Bf5 Rf6 16. Bh3 Na6 17. a3 Nc7 18. Rc2 Nb5 19. Qd3 a6 20. Rfc1 Na7 21. Qb3 g5 22. Nd7 Rg6 23. Bf5 Rh6 24. Nxb6 Rd8 25. Qd3 Qc7 26. Na4 Qxh2+ 27. Kf1 Nb5 28. g3 Qh5 29. Nc5 Qf3 30. Ke1 Bc8 31. Bxc8 Rh1+ 32. Kd2 Rxc1 33. Rxc1 Rxc8 34. Qe2 Qf5 35. Nd3 Nd6 36. g4 Ne4+ 37. Ke1 Qf6 38. f3 Nd6 39. Qf2 Nc4 40. Rc3 Re8 41. Nc1 Qxd4 42. Rd3 Rxe3+ 43. Rxe3 Qxe3+ 44. Qxe3 Nxe3 45. Nd3 Nc4 46. a4 a5 47. bxa5 Nxa5 48. Ne5 f6 49. Kd2 fxe5 50. Kc3 c5 51. Kd3 Kf7 0-1


[Site "https://www.chess.com"]

[Event "Titled Tuesday Blitz January 10 Early 2023"]
[White "Klukin, Kirill"]
[Black "Flynn, Jacob"]
[WhiteFideId "24199273"]
[BlackFideId "2509393"]
[WhiteElo "2390"]
[BlackElo "2102"]
[Result "1-0"]
[Round "09"]
[TimeControl "180+2"]
[Date "2023.01.10"]
[WhiteClock "0:00:03"]
[BlackClock "0:00:56"]

1. b3 d5 2. Bb2 Bg4 3. h3 Bh5 4. g4 Bg6 5. Bg2 c6 6. Nf3 Nd7 7. d3 e6 8. Nbd2 Ngf6 9. Nh4 Bc5 10. e3 e5 11. Qe2 Bd6 12. O-O O-O 13. f4 exf4 14. exf4 Re8 15. Qf2 h6 16. Rae1 Qc7 17. Nxg6 fxg6 18. Rxe8+ Rxe8 19. g5 hxg5 20. fxg5 Nh5 21. Qf7+ Kh7 22. Qxe8 Bh2+ 23. Kh1 Ng3+ 24. Kxh2 Nxf1+ 25. Kg1 Nxd2 26. Qe7 Qb6+ 27. Kh1 d4 28. Qxd7 Qc5 29. Qxd4 Qe7 30. Qf2 Nb1 31. Be4 Qe6 32. Qh4+ Kg8 33. Qg4 Qf7 34. Qf3 Qe7 35. Bxg6 Nd2 36. Qf2 Qxg5 37. Qf7+ Kh8 38. Qxg7# 1-0


[Site "https://www.chess.com"]

[Event "Titled Tuesday Blitz January 10 Early 2023"]
[White "Sadubayev, Airat"]
[Black "Torres Dominguez, David"]
[WhiteFideId "13713264"]
[BlackFideId "2220857"]
[WhiteElo "2320"]
[BlackElo "1994"]
[Result "1-0"]
[Round "09"]
[TimeControl "180+2"]
[Date "2023.01.10"]
[WhiteClock "0:00:28"]
[BlackClock "0:00:22"]

1. d4 e5 2. dxe5 d6 3. Nf3 Bg4 4. Bf4 Nc6 5. Nbd2 dxe5 6. Nxe5 Nxe5 7. Bxe5 Bd6 8. Nc4 Bxe5 9. Qxd8+ Rxd8 10. Nxe5 Be6 11. e3 f6 12. Nd3 Kf7 13. O-O-O Ne7 14. Be2 b6 15. a3 c5 16. Nf4 Ng6 17. Nxe6 Kxe6 18. Rxd8 Rxd8 19. Rd1 Rxd1+ 20. Kxd1 Kd6 21. Bd3 Nf8 22. Ke2 h6 23. f4 Ne6 24. Kf3 Nc7 25. c4 Ne6 26. Kg4 Nf8 27. h4 Ke7 28. h5 Ne6 29. Bf5 Nd8 30. Be4 Ne6 31. Kf5 Nc7 32. Bc6 Ne6 33. g4 Nc7 34. Bb7 Ne6 35. Bd5 Nc7 36. e4 b5 37. b3 b4 38. a4 Ne8 39. e5 fxe5 40. Kxe5 Nf6 41. Bf3 Kd7 42. g5 hxg5 43. fxg5 Nh7 44. Kf5 Ke7 45. Bd5 Nf8 46. h6 g6+ 47. Kf4 Nh7 48. Bg8 Kf8 49. Bxh7 Kf7 50. Ke5 1-0


[Site "https://www.chess.com"]

[Event "Titled Tuesday Blitz January 10 Early 2023"]
[White "Iskusnyh, Sergei"]
[Black "Dvirnyy, Danyyil"]
[WhiteFideId "4120027"]
[BlackFideId "817570"]
[WhiteElo "2440"]
[BlackElo "2541"]
[Result "1/2-1/2"]
[Round "09"]
[TimeControl "180+2"]
[Date "2023.01.10"]
[WhiteClock "0:00:10"]
[BlackClock "0:00:45"]

1. d4 Nf6 2. c4 e6 3. g3 c5 4. Nf3 b6 5. d5 Ba6 6. Qa4 exd5 7. cxd5 g6 8. Nc3 Bg7 9. Bf4 b5 10. Qd1 b4 11. Na4 d6 12. Bg2 O-O 13. O-O Re8 14. Re1 Ne4 15. a3 b3 16. Qxb3 Nd7 17. Nc3 Rb8 18. Qc2 Rxb2 19. Qxb2 Nxc3 20. Bg5 Qa5 21. Bd2 Nxe2+ 22. Rxe2 Rxe2 23. Bxa5 Bxb2 24. Rb1 Bd3 25. Bf1 Bxb1 26. Bxe2 Nb6 27. Nd2 Ba2 28. Bxb6 axb6 29. Bc4 Bc1 30. Bxa2 Bxd2 31. a4 f5 32. Kf1 Kg7 33. Ke2 Bc1 34. Bc4 Kf6 35. f4 h6 36. h4 h5 37. Bb5 Ba3 38. Bc4 Bb2 39. Bb5 Bd4 40. Bc4 Bg1 41. Bb5 Ke7 42. Bc4 Kd8 43. Bb5 Kc7 44. Kf1 Bd4 45. Ke2 Kd8 46. Kf3 Ke7 47. Ke2 Kf6 48. Kf3 Ke7 49. Ke2 Kf6 1/2-1/2


[Site "https://www.chess.com"]

[Event "Titled Tuesday Blitz January 10 Early 2023"]
[White "Golubev, Mikhail"]
[Black "Ozen, Bahadir"]
[WhiteFideId "14100983"]
[BlackFideId "6337058"]
[WhiteElo "2461"]
[BlackElo "2369"]
[Result "0-1"]
[Round "09"]
[TimeControl "180+2"]
[Date "2023.01.10"]
[WhiteClock "0:00:45"]
[BlackClock "0:01:46"]

1. e4 g6 2. d4 Bg7 3. c4 Nc6 4. Be3 e5 5. d5 Nd4 6. Ne2 c5 7. dxc6 dxc6 8. Nbc3 Nh6 9. Qd2 Ng4 10. O-O-O Nxe3 11. Qxe3 Be6 12. f4 Qb6 13. Kb1 Nxe2 14. Qxe2 exf4 15. Nd5 cxd5 16. exd5 O-O-O 17. Qc2 Bg4 18. c5 Bxd1 19. Qf5+ gxf5 20. cxb6 axb6 21. Bd3 Bh5 0-1


[Site "https://www.chess.com"]

[Event "Titled Tuesday Blitz January 10 Early 2023"]
[White "Lymar, Vladislav"]
[Black "Rustemov, Alexander"]
[WhiteFideId "14162180"]
[BlackFideId "4119002"]
[WhiteElo "2119"]
[BlackElo "2525"]
[Result "1-0"]
[Round "09"]
[TimeControl "180+2"]
[Date "2023.01.10"]
[WhiteClock "0:00:11"]
[BlackClock "0:00:03"]

1. e4 e6 2. Qe2 c5 3. Nf3 Nc6 4. g3 g6 5. Bg2 Bg7 6. c3 Nge7 7. O-O d6 8. d3 e5 9. a3 a5 10. a4 O-O 11. Na3 h6 12. Nd2 Be6 13. f4 Qd7 14. Ndc4 Rad8 15. Nb6 Qc7 16. Nd5 Qc8 17. Nc4 exf4 18. Bxf4 Qb8 19. Nxe7+ Nxe7 20. Nxa5 b5 21. axb5 Qxb5 22. Nc4 Bxc4 23. dxc4 Qb6 24. Rad1 g5 25. Be3 Ng6 26. Kh1 Be5 27. h4 Kg7 28. h5 Ne7 29. Kh2 Qb3 30. Rf2 f6 31. Bh3 Rb8 32. Ra1 Ra8 33. Rff1 Rfb8 34. Rxa8 Rxa8 35. Rd1 Ra2 36. Rd2 Ra1 37. Qg4 Qb7 38. Qe6 Ng8 39. Bf5 Qf7 40. Qxf7+ Kxf7 41. Bd4 Ne7 42. Bxe5 dxe5 43. Bd7 Rb1 44. Kg2 Ng8 45. Bc6 Ne7 46. Bd7 Ng8 47. Ba4 Ne7 48. Bb5 Ke6 49. Kf2 f5 50. exf5+ Nxf5 51. Bd7+ Kf6 52. Bxf5 Kxf5 53. Ke3 Kg4 54. Ke4 Kxg3 55. Kxe5 g4 56. Kd5 Kf3 57. Kxc5 g3 58. b4 Rf1 59. b5 Rf2 60. Rd3+ Kf4 61. Rd4+ Kg5 62. Rd3 Kh4 63. Rxg3 Kxg3 64. b6 Rf8 65. b7 Kg4 66. Kb6 Kxh5 67. c5 Rf1 68. c6 Rb1+ 69. Ka7 Kg6 70. b8=Q Ra1+ 71. Kb7 Rb1+ 72. Kc8 Rxb8+ 73. Kxb8 Kf5 74. c7 Ke5 75. c8=Q h5 76. Qh3 Kf4 77. Qxh5 Ke4 78. c4 Kd3 79. c5 1-0


[Site "https://www.chess.com"]

[Event "Titled Tuesday Blitz January 10 Early 2023"]
[White "Fiorito, Francisco"]
[Black "Tan, Zhongyi"]
[WhiteFideId "180165"]
[BlackFideId "8603642"]
[WhiteElo "2305"]
[BlackElo "2517"]
[Result "0-1"]
[Round "09"]
[TimeControl "180+2"]
[Date "2023.01.10"]
[WhiteClock "0:00:01"]
[BlackClock "0:00:13"]

1. Nf3 d5 2. g3 g6 3. Bg2 Bg7 4. d4 Nf6 5. O-O O-O 6. c4 c6 7. cxd5 cxd5 8. Ne5 Bf5 9. Nc3 Ne4 10. Bf4 Nc6 11. Rc1 Nxc3 12. bxc3 Rc8 13. Nxc6 bxc6 14. Qa4 Qd7 15. Rfd1 Rfe8 16. c4 Qb7 17. h4 Red8 18. Qa3 e6 19. Bd6 Qd7 20. Bc5 Bf8 21. Bxf8 Rxf8 22. Rc3 Rb8 23. Rb3 dxc4 24. Rc3 c5 25. Qxc5 Rfc8 26. Qa3 e5 27. d5 Bg4 28. Rd2 Bh3 29. Qc1 Bxg2 30. Kxg2 Qb5 31. d6 Rb7 32. Qc2 Rd7 33. Qe4 Qc5 34. Rd5 Qc6 35. Rxe5 Rxd6 36. Qxc6 Rdxc6 37. Ra5 R8c7 38. e3 Kg7 39. Kf3 Kf6 40. Ke2 Rb7 41. Ra4 Rb2+ 42. Kf3 a6 43. Rcxc4 Rxc4 44. Rxc4 Rxa2 45. g4 a5 46. Kg3 a4 47. f4 a3 48. Rc6+ Ke7 49. Ra6 Ra1 50. Kf3 a2 51. Kg2 Kd7 52. h5 gxh5 53. gxh5 Kc7 54. h6 Kb7 55. Ra3 Kb6 56. Kh2 Kb5 57. Kg2 Kb4 58. Ra8 Kb3 59. Kh2 Re1 60. Rb8+ Kc3 61. Rc8+ Kd3 62. Ra8 a1=Q 0-1


[Site "https://www.chess.com"]

[Event "Titled Tuesday Blitz January 10 Early 2023"]
[White "Weetik, Vjacheslav"]
[Black "Crevatin, Leo"]
[WhiteFideId "4153472"]
[BlackFideId "1726307"]
[WhiteElo "2423"]
[BlackElo "2292"]
[Result "0-1"]
[Round "09"]
[TimeControl "180+2"]
[Date "2023.01.10"]
[WhiteClock "0:00:05"]
[BlackClock "0:00:33"]

1. d4 Nf6 2. Nf3 d5 3. c4 e6 4. g3 dxc4 5. Bg2 a6 6. O-O Nc6 7. Nc3 Be7 8. e4 O-O 9. Re1 Rb8 10. Bf4 b5 11. a3 Na5 12. Qc2 Bb7 13. Rad1 Qc8 14. d5 exd5 15. e5 Nh5 16. Bg5 Bc5 17. Nxd5 Nb3 18. Be7 Re8 19. Ng5 g6 20. Bxc5 Nxc5 21. Nf6+ Nxf6 22. exf6 Bxg2 23. Kxg2 Qg4 24. h4 h6 25. Nf3 Re6 26. Rxe6 Qxe6 27. Qd2 Qxf6 28. Qxh6 Ne4 29. Rd7 c5 30. h5 g5 31. Qxf6 Nxf6 32. Nxg5 Nxd7 0-1


[Site "https://www.chess.com"]

[Event "Titled Tuesday Blitz January 10 Early 2023"]
[White "Gurevich, Dmitry"]
[Black "Kosteniuk, Alexandra"]
[WhiteFideId "2000407"]
[BlackFideId "4128125"]
[WhiteElo "2393"]
[BlackElo "2535"]
[Result "1/2-1/2"]
[Round "09"]
[TimeControl "180+2"]
[Date "2023.01.10"]
[WhiteClock "0:00:08"]
[BlackClock "0:00:10"]

1. d4 f5 2. Nf3 Nf6 3. Bg5 Ne4 4. h4 c5 5. e3 Qb6 6. Qc1 Nc6 7. c3 e6 8. Nbd2 d5 9. Bf4 Be7 10. Be2 Bd7 11. Nxe4 fxe4 12. Ne5 Nxe5 13. Bxe5 O-O 14. g3 Rf7 15. Qd2 Raf8 16. O-O Bb5 17. a4 Bxe2 18. Qxe2 Rf3 19. Qb5 Qc6 20. Qxc6 bxc6 21. a5 a6 22. Ra3 c4 23. b4 h6 24. Ra2 R3f5 25. Kg2 Kh7 26. Rh1 Bf6 27. g4 Rf3 28. Bxf6 gxf6 29. Rh3 Rxh3 30. Kxh3 Rg8 31. f3 exf3 32. Rf2 Kg6 33. Rxf3 Re8 34. Kg3 Re7 35. Rf4 e5 36. Rf3 exd4 37. exd4 Re2 38. h5+ Kg7 39. Kf4 Kf7 40. Re3 Rf2+ 41. Kg3 Rd2 42. Kf3 Rd1 43. Kg3 Rd2 44. Kf3 Rd1 45. Kg3 Rf1 46. Rf3 Re1 47. Kf4 Re4+ 48. Kg3 Ke6 49. Rf4 Re3+ 50. Rf3 Re4 51. Rf4 Re3+ 52. Rf3 Re2 53. Kf4 Re4+ 54. Kg3 Re2 55. Kf4 Re4+ 56. Kg3 Re2 1/2-1/2


[Site "https://www.chess.com"]